 Dungeon Crawl Stone Soup version 0.22-a0-377-g846bec1 (webtiles) character file.

176 Kairos the Sneak (level 5, -14/27 HPs)
             Began as a Vine Stalker Assassin on Apr 27, 2018.
             Demolished by an orc warrior
             ... wielding a +0 war axe
              (24 damage)
             ... on level 3 of the Dungeon.
             The game lasted 00:05:06 (2577 turns).

Kairos the Sneak (Vine Stalker Assassin)            Turns: 2577, Time: 00:05:07

Health: -14/27     AC:  3    Str: 13    XL:     5   Next: 56%
Magic:  0/6        EV: 12    Int: 11    God:
Gold:   112        SH:  0    Dex: 17    Spells: 4/4 levels left

rFire    . . .     SeeInvis .   a - +2 dagger
rCold    . . .     Gourm    .   (no shield)
rNeg     . . .     Faith    .   c - +0 robe
rPois    .         Spirit   +   (no helmet)
rElec    .         Reflect  .   d - +0 cloak
rCorr    .         Harm     .   (no gloves)
MR       .....                  (no boots)
Stlth    ++++......             (no amulet)
HPRegen  0.49/turn              (no ring)
MPRegen  0.10/turn              (no ring)

@: no status effects
A: fangs 2, regeneration 1, magic shield, antimagic bite, no potion heal 3, rot
immunity
a: no special abilities


You were on level 3 of the Dungeon.
You were very hungry.

You visited 1 branch of the dungeon, and saw 3 of its levels.

You collected 112 gold pieces.

Inventory:

Hand Weapons
 a - a +2 dagger (weapon)
 b - a +0 blowgun
Missiles
 e - 29 poisoned needles (quivered)
 l - 11 tomahawks
 p - 3 needles of confusion
Armour
 c - a +0 robe (worn)
 d - a +0 cloak (worn)
Jewellery
 m - an uncursed ring of magical power {unknown}
Scrolls
 h - a scroll of fear {unknown}
 i - 4 scrolls of remove curse {unknown}
 k - a scroll of noise {unknown}
 n - 2 scrolls of identify {unknown}
 o - 2 scrolls of amnesia {unknown}
 q - a scroll of immolation {unknown}
Potions
 j - a potion of degeneration {unknown}
Comestibles
 g - 6 rations


   Skills:
 + Level 2.4 Fighting
 + Level 2.6 Short Blades
 + Level 1.7 Throwing
 + Level 1.3 Dodging
 + Level 7.2 Stealth


You had 4 spell levels left.
You didn't know any spells.

Dungeon Overview and Level Annotations

Branches:
Dungeon (3/15)

Altars:
Ashenzari
Elyvilon


Innate Abilities, Weirdness & Mutations

You have extremely sharp teeth.
Your natural rate of healing is unusually fast.
When hurt, damage is shared between your health and your magic reserves.
Your bite disrupts and absorbs the magic of your enemies.
Potions cannot restore your health.
You are immune to rotting.


Message History

Aim: an orc warrior, wielding a war axe and wearing a plate armour You toss away a poisoned needle.
The poisoned needle hits the orc warrior.
The orc warrior closely misses you.
Tossing away (i - inventory. (/) - cycle)
e - 31 poisoned needles (quivered)
Press: ? - help, Shift-Dir - straight line, f/p - orc warrior
Aim: an orc warrior, wielding a war axe and wearing a plate armour You toss away a poisoned needle.
The poisoned needle hits the orc warrior.
The orc warrior hits you with a war axe!!
Ouch! That really hurt!
* * * LOW HITPOINT WARNING * * *
Tossing away (i - inventory. (/) - cycle)
e - 30 poisoned needles (quivered)
Press: ? - help, Shift-Dir - straight line, f/p - orc warrior
Aim: an orc warrior, wielding a war axe and wearing a plate armour You toss away a poisoned needle.
The poisoned needle hits the orc warrior.
The orc warrior hits you with a war axe!!
Ouch! That really hurt!
You die...

### ####.# #....# ### #)##.#
..#.# #.##.#
##############.#.# #.##.#
#.........(....#.# #.##.#
#.##########...#.# #.##.# #.#
#.....o@#.######.##.# #.#
#.................#.#
###.######.......#.######.<#.#
......................>....#.#
........###.##...#...........#
....(...# #.#######.##########
.....(..# #.# #.# .<......#
#.# #.# ........###.# #.#


You could see an orc warrior.

Vanquished Creatures
  A bullfrog (D:3)
  3 adders
  An ooze (D:1)
  2 worms (D:2)
  2 dart slugs (D:1)
  4 leopard geckos
  2 orcs (D:3)
  A giant cockroach (D:2)
  10 goblins
  2 hobgoblins (D:1)
  7 jackals (D:1)
  5 kobolds
  2 quokkas (D:2)
  2 ball pythons
  7 bats
  2 frilled lizards
  6 rats
59 creatures vanquished.

Notes
Turn   | Place    | Note
-------+----------+-------------------------------------------
     0 | D:1      | Kairos the Vine Stalker Assassin began the quest for the Orb.
     0 | D:1      | Reached XP level 1. HP: 11/11 MP: 2/2
    26 | D:1      | Reached skill level 5 in Stealth
   195 | D:1      | Reached XP level 2. HP: 14/15 MP: 1/3
   328 | D:1      | Reached XP level 3. HP: 18/18 MP: 4/4
   525 | D:1      | Reached skill level 6 in Stealth
  1375 | D:2      | Reached skill level 1 in Dodging
  1524 | D:2      | Gained mutation: Your natural rate of healing is unusually fast. [Vine Stalker growth]
  1524 | D:2      | Reached XP level 4. HP: 23/23 MP: 5/5
  1630 | D:2      | Found a white marble altar of Elyvilon.
  1742 | D:2      | Found a shattered altar of Ashenzari.
  2330 | D:3      | Noticed a bullfrog
  2334 | D:3      | Killed a bullfrog
  2334 | D:3      | Reached skill level 7 in Stealth
  2334 | D:3      | Reached XP level 5. HP: 27/27 MP: 6/6
  2394 | D:3      | Noticed an orc warrior
  2577 | D:3      | Demolished by an orc warrior

Vault maps used:
D:1:      minmay_arrival_glassed_features, nrook_mini_vaults
D:2:      mumra_celtic_spiral_tile, elyvilon_altar_4, old_standard_altar

Skill      XL: |  1  2  3  4 |
---------------+-------------+-----
Stealth        | 5 6 7 |  7.2
Fighting       | 2 |  2.4
Short Blades   | 2 |  2.6
Dodging        | 1 |  1.3
Throwing       | |  1.7

Action                   |  1- 3 |  4- 6 || total
-------------------------+-------+-------++-------
Melee: Dagger            |    95 |    54 ||   149
       Bite              |    16 |     9 ||    25
 Stab: Sleeping          |    10 |     8 ||    18
       Distracted        |     1 |       ||     1
  Eat: Chunk             |     1 |     3 ||     4
Armor: Robe              |    19 |     6 ||    25
Dodge: Dodged            |    41 |    31 ||    72

Table legend:
 A = Spawn XP
 B = Non-spawn XP
 C = Spawn XP percentage of total XP
 D = Spawn monster count
 E = Non-spawn monster count
 F = Spawn count percentage of total count
 G = Total turns spent on level
                    A         B        C        D         E        F      G
               +---------+---------+-------+---------+---------+-------+---------
         Total |       0 |     252 |   0.0 |       0 |      59 |   0.0 |  2577
               +---------+---------+-------+---------+---------+-------+---------
           D:1 |       0 |      67 |   0.0 |       0 |      33 |   0.0 |  1082
           D:2 |       0 |      62 |   0.0 |       0 |      19 |   0.0 |  1123
           D:3 |       0 |     123 |   0.0 |       0 |       7 |   0.0 |   372
               +---------+---------+-------+---------+---------+-------+---------
